 Dungeon Crawl Stone Soup version 0.31-a0-879-g1609e0ac53 (webtiles) character file.

Game seed: 9229312185299342155

275 protoss039 the Digger (level 6, 0/46 HPs)
             Began as a Demonspawn Earth Elementalist on Oct 14, 2023.
             Slain by a gnoll
             ... wielding a +0 club
              (7 damage)
             ... on level 4 of the Dungeon.
             The game lasted 00:05:38 (2692 turns).

protoss039 the Digger (DsEE)                        Turns: 2692, Time: 00:05:39

Health: 0/46       AC:  4    Str:  9    XL:     6   Next: 3%
Magic:  6/10       EV: 12    Int: 18    God:
Gold:   126        SH:  0    Dex: 13    Spells: 5/11 levels left

rFire   + . .        n - +0 rapier
rCold   . . .        (no shield)
rNeg    . . .        e - +0 leather armour
rPois   .            (helmet restricted)
rElec   .            (no cloak)
rCorr   +            (no gloves)
SInv    .            d - +0 pair of boots
Will    .....        (no amulet)
Stlth   ++           j - ring of resist corrosion
HPRegen 0.27/turn    t - ring of protection from fire
MPRegen 0.24/turn

%: no passive effects
@: no status effects
A: antennae 1, magic regeneration, sturdy frame 1, demonic magic 1
a: no special abilities


You were on level 4 of the Dungeon.
You visited 1 branch of the dungeon, and saw 5 of its levels.

You collected 126 gold pieces.

Inventory:

Hand Weapons
 n - a +0 rapier (weapon)
 w - a +3 heavy sling
Armour
 d - a +0 pair of boots (worn)
 e - a +0 leather armour (worn)
Jewellery
 j - a ring of resist corrosion (left hand)
 o - a ring of fire
 t - a ring of protection from fire (right hand)
 x - a ring of poison resistance
Scrolls
 h - a scroll of brand weapon
 i - a scroll of butterflies {unknown}
 k - a scroll of poison {unknown}
 l - 2 scrolls of revelation
 m - 2 scrolls of enchant weapon {unknown}
 p - 2 scrolls of immolation {unknown}
 r - a scroll of vulnerability {unknown}
 s - a scroll of fog {unknown}
 u - a scroll of silence {unknown}
Potions
 a - a potion of ambrosia {unknown}
 b - a potion of magic
 c - 2 potions of might {unknown}
 f - a potion of invisibility {unknown}
 g - 4 potions of enlightenment {unknown}
 q - a potion of mutation {unknown}
 v - 2 potions of lignification {unknown}


   Skills:
 + Level 2.4 Fighting
 * Level 2.9 Armour
 - Level 1.7 Dodging
 - Level 1.7 Stealth
 + Level 3.1 Spellcasting
 + Level 1.4 Conjurations
 - Level 0.8 Transmutations
 + Level 3.5 Earth Magic


You had 5 spell levels left.
You knew the following spells:

 Your Spells              Type           Power      Damage    Failure   Level
a - Sandblast             Erth           30%        2d9       4%          1
b - Passwall              Tmut/Erth      8%         N/A       11%         2
c - Stone Arrow           Conj/Erth      22%        3d8       19%         3

Your spell library contained the following spells:

 Spells                   Type           Power      Damage    Failure   Level
 Lesser Beckoning         Tloc           4%         N/A       26%         2
 Gell's Gravitas          Tloc           2%         N/A       45%         3
 Teleport Other           Tloc           2%         N/A       45%         3
 Brom's Barrelling Bould  Conj/Erth      11%        2d3       52%         4
 Petrify                  Tmut/Erth      10%        N/A       56%         4


Dungeon Overview and Level Annotations

Branches:
Dungeon (5/15) Zot: 25944
 Temple: D:4-7

Altars:
Gozag
Hepliaklqana

Shops:
D:4 :


Innate Abilities, Weirdness & Mutations

You have a pair of small antennae on your head.
You regenerate magic rapidly.
Your movements are slightly less encumbered by armour. (ER -2)
Spells you cast may paralyse adjacent enemies.


Message History

Malevolent energies surge around you.
The gnoll suddenly stops moving!
The gnoll shouts!
The helpless gnoll fails to defend itself.
You hit the gnoll.
The gnoll is almost dead.
The gnoll hits you with a +0 club. x2
Unknown command.
Unknown command.
Casting: Sandblast (safe; 4% risk of failure)
Confirm with . or Enter, or press ? or * to list all spells.
Aiming: Sandblast (safe; 4% risk of failure)
Press: ? - help, Shift-Dir - straight line, f - gnoll
Aim: a gnoll, wielding a +0 whip (almost dead, paralysed, 100% to hit)
The blast of sand hits the gnoll!
You kill the gnoll!
Malevolent energies surge around you.
You have reached level 6!
Your demonic ancestry asserts itself...
Your magic begins to regenerate rapidly.
Casting: Sandblast (safe; 4% risk of failure)
Confirm with . or Enter, or press ? or * to list all spells.
Aiming: Sandblast (safe; 4% risk of failure)
Press: ? - help, Shift-Dir - straight line, f - gnoll
Aim: a gnoll, wielding a +0 club and quivering 2 throwing nets (84% to hit)
The blast of sand hits the gnoll.
The gnoll is heavily wounded.
Malevolent energies surge around you.
The gnoll suddenly stops moving!
The gnoll hits you from afar with a +0 spear.
The gnoll hits you with a +0 club.
The gnoll hits you from afar with a +0 spear.
Unknown command.
The helpless gnoll fails to defend itself.
You hit the gnoll.
The gnoll is almost dead.
The gnoll is no longer paralysed.
The gnoll barely misses you. Something hits you. The gnoll closely misses you.
The gnoll hits you from afar with a +0 spear!
* * * LOW HITPOINT WARNING * * *
The gnoll hits you with a +0 club!
You die...

.##.................[.#
#
......#..........#...#
.#.....#..........#..##
#..#...............##
..................(.#
.....#.......##
.....#.......#
.......{....##
.......g@..†.#
.......g#.....#
##....g.#....##
#.......#..##
.........####
.........# .......###
##..##. .)# ##


You could see 3 gnolls.

Vanquished Creatures
  A black bear (D:4)
  An orc priest (D:4)
  A hound (D:5)
  A gnoll (D:4)
  2 adders
  3 worms
  3 dart slugs
  4 orcs
  10 endoplasms
  3 giant cockroaches
  2 hobgoblins
  14 jackals
  4 quokkas
  5 ball pythons
  6 bats
  2 frilled lizards
  6 goblins
  3 kobolds
  5 rats (D:1)
76 creatures vanquished.

Vanquished Creatures (others)
  A ball python (D:4)
1 creature vanquished.

Grand Total: 77 creatures vanquished

Notes
Turn   | Place    | Note
-------+----------+-------------------------------------------
     0 | D:1      | protoss039 the Demonspawn Earth Elementalist began the
                  | quest for the Orb.
     0 | D:1      | Reached XP level 1. HP: 13/13 MP: 3/3
   231 | D:1      | Gained mutation: Your movements are slightly less
                  | encumbered by armour. (ER -2) [demonic ancestry]
   231 | D:1      | Reached XP level 2. HP: 20/20 MP: 3/5
   407 | D:1      | Reached skill level 1 in Fighting
   546 | D:1      | Reached skill level 1 in Armour
   585 | D:1      | Reached XP level 3. HP: 26/26 MP: 4/6
  1024 | D:1      | Learned a level 2 spell: Passwall
  1046 | D:2      | Found a hazy altar of Hepliaklqana.
  1597 | D:2      | Learned a level 3 spell: Stone Arrow
  1663 | D:3      | You fall into a shaft and drop 2 floors!
  1663 | D:5      | Entered Level 5 of the Dungeon
  1672 | D:4      | Noticed a black bear
  1732 | D:5      | Gained mutation: You have a pair of small antennae on your
                  | head. [demonic ancestry]
  1732 | D:5      | Reached XP level 4. HP: 23/32 MP: 1/7
  1826 | D:4      | Found an opulent altar of Gozag.
  2590 | D:4      | Killed a black bear
  2591 | D:4      | Reached skill level 1 in Conjurations
  2591 | D:4      | Gained mutation: Spells you cast may paralyse adjacent
                  | enemies. [demonic ancestry]
  2591 | D:4      | Reached XP level 5. HP: 38/38 MP: 5/9
  2637 | D:4      | Found Amuuboca's Book Shop.
  2691 | D:4      | Gained mutation: You regenerate magic rapidly. [demonic
                  | ancestry]
  2691 | D:4      | Reached XP level 6. HP: 24/46 MP: 6/10
  2692 | D:4      | Slain by a gnoll

Illustrated notes

Levels and vault maps discovered:
D:1:      scummos_arrival_simple_fountains, layout_basic, minmay_tromino_mix6
D:2:      layout_rooms, basic_altar
D:3:      layout_basic
D:4:      layout_cave_pools, mainiacjoe_overflow_concentric_impassable,
          fiery_altar_vehumet, minmay_temple_entry_ruins, serial_shops, shop
D:5:      layout_cave_pools, mainiacjoe_overflow_alcove_1, uniq_edmund

Skill      XL: |  1  2  3  4 |
---------------+-------------+-----
Fighting       | 1 2 |  2.4
Earth Magic    | 3 |  3.5
Armour         | 1 2 |  2.9
Spellcasting   | 3 |  3.1
Conjurations   | 1 |  1.4
Dodging        | |  1.7
Stealth        | |  1.7
Transmutations | |  0.8

Action                     |  1- 3 |  4- 6 || total
---------------------------+-------+-------++-------
  Melee: Dagger            |    45 |       ||    45
         Rapier            |    12 |    32 ||    44
   Fire: Sling             |       |    15 ||    15
   Cast: Sandblast         |    46 |    32 ||    78
         Passwall          |       |     1 ||     1
    Use: Scroll            |       |     2 ||     2
   Stab: Sleeping          |     1 |       ||     1
         Paralysed         |       |     5 ||     5
 Armour: Robe              |     7 |       ||     7
         Leather armour    |    34 |    45 ||    79
  Dodge: Dodged            |    50 |    40 ||    90

Table legend: (Time is in decaauts)
 A = Elapsed time spent in this place.
 B = Non-inter-level travel time spent in this place.
 C = Inter-level travel time spent in this place.
 D = Time resting spent in this place.
 E = Time spent auto-exploring this place.
 F = Levels seen in this place.
 G = Mean time per level.
                   A        B        C        D        E       F      G
               +--------+--------+--------+--------+--------+-----+--------+
         Total |   2741 |   2581 |    160 |    135 |   1812 |   5 |  548.2 |
       Dungeon |   2741 |   2581 |    160 |    135 |   1812 |   5 |  548.2 |
               +--------+--------+--------+--------+--------+-----+--------+

Top non-repeatable levels by time:
     D:1: 1037 daAuts
     D:3: 780 daAuts
     D:2: 579 daAuts
     D:4: 185 daAuts
     D:5: 158 daAuts
